 Dungeon Crawl Stone Soup version 0.19-a0-1568-gdd01aac (webtiles) character file.

5378 nabalzbhf the Slicer (level 10, -2/71 (72) HPs)
             Began as a Halfling Monk on Sept 15, 2016.
             Was an Initiate of Gozag.
             Hit by a large rock thrown by a cyclops (30 damage)
             ... on level 10 of the Dungeon on Sept 16, 2016.
             The game lasted 00:33:12 (10599 turns).

nabalzbhf the Slicer (Halfling Monk)               Turns: 10599, Time: 00:33:13

HP:   -2/71 (72)    AC:  8    Str: 13    XL:     10   Next: 98%
MP:   10/10         EV: 22    Int:  8    God:    Gozag
Gold: 853           SH:  0    Dex: 20    Spells: 0 memorised, 9 levels left

rFire  + . .     SeeInvis .     a - +1 short sword (venom)
rCold  + . .     Gourm    .     S - +0 leather armour {rC+}
rNeg   . . .     Faith    .     (shield restricted)
rPois  +         Spirit   .     z - +1 helmet "Pemeugoq" {rElec}
rElec  +         Dismiss  .     (no cloak)
rCorr  .         Reflect  .     w - +2 pair of gloves
MR     .....     Harm     .     (no boots)
Stlth  +++.......               (no amulet)
                                k - ring of poison resistance {rPois}
                                g - ring of protection from fire {rF+}

@: no status effects
A: mutation resistance 1
a: Potion Petition, Call Merchant, Bribe Branch, Renounce Religion


You were on level 10 of the Dungeon.
You worshipped Gozag.
Gozag was pleased with you.
You were not hungry.

You visited 2 branches of the dungeon, and saw 11 of its levels.
You also visited: Sewer.

You collected 904 gold pieces.
You spent 51 gold pieces at shops.

Inventory:

Hand Weapons
 a - a +1 short sword of venom (weapon)
   (You took it off a kobold on level 7 of the Dungeon)
 b - a +0 blowgun
   (You took it off a kobold on level 3 of the Dungeon)
 v - a +2 dagger of speed
   (You took it off an orc on level 7 of the Dungeon)
 Q - a +0 hand crossbow
   (You took it off a kobold in a sewer)
Missiles
 f - 196 stones (quivered)
 p - 40 sling bullets
 y - 4 curare-tipped needles
 N - a throwing net {=f, !d}
 R - 80 bolts
 T - 20 poisoned needles
Armour
 w - a +2 pair of gloves (worn)
   (You found it on level 2 of the Dungeon)
 z - the +1 helmet "Pemeugoq" (worn) {rElec}
   (You found it on level 4 of the Dungeon)

   It insulates you from electricity.
 S - a +0 leather armour of cold resistance (worn)
   (You found it on level 8 of the Dungeon)
Jewellery
 g - a ring of protection from fire (left hand) {rF+}
   (You found it on level 1 of the Dungeon)
 k - a ring of poison resistance (right hand) {rPois}
   (You found it on level 1 of the Dungeon)
 E - an uncursed ring of wizardry {Wiz+}
   (You found it on level 6 of the Dungeon)
Scrolls
 h - a scroll of holy word {unknown}
 i - 4 scrolls of enchant armour
 j - a scroll of blinking {unknown}
 n - 5 scrolls of teleportation
 o - 4 scrolls of recharging
 r - 3 scrolls of enchant weapon
 A - 2 scrolls of magic mapping {!r}
 B - a scroll of immolation {unknown}
 C - 6 scrolls of remove curse
 D - a scroll of random uselessness {unknown}
 M - a scroll of torment {unknown}
 O - a scroll of acquirement {unknown}
 Y - a scroll of noise {unknown}
 Z - 2 scrolls of fog
Potions
 d - 2 potions of haste
 e - a potion of berserk rage {unknown}
 l - a potion of lignification {!q}
 m - 5 potions of agility
 q - 7 potions of heal wounds
 t - a potion of resistance
 u - 2 potions of invisibility
 H - a potion of mutation {unknown}
 L - a potion of beneficial mutation {unknown}
 P - 2 potions of curing
 U - 2 potions of ambrosia {!q}
 V - 4 potions of flight
 W - 2 potions of brilliance
 X - a potion of cure mutation {unknown}
Books
 F - a book of Flames
   (You found it on level 4 of the Dungeon)
 I - a book of Geomancy
   (You found it on level 4 of the Dungeon)
 K - a book of Clouds
   (You found it on level 5 of the Dungeon)
Comestibles
 c - 9 bread rations {@e1}
 s - 2 meat rations {@e2}
 x - 8 beef jerkies
 G - 8 fruits


   Skills:
 + Level 7.8 Fighting
 - Level 12.1 Short Blades
 + Level 9.6 Dodging
 + Level 4.5 Stealth


You had 9 spell levels left.
You didn't know any spells.

Dungeon Overview and Level Annotations

Branches:
Dungeon (10/15)            Temple (1/1) D:7            Lair (0/6) D:9
    Orc: D:9-12

Altars:
Ashenzari
Cheibriados
Dithmenos
Elyvilon
Fedhas
Gozag
Hepliaklqana
Kikubaaqudgha
Makhleb
Nemelex Xobeh
Okawaru
Qazlal
Ru
Sif Muna
Trog
Uskayaw
Vehumet
Xom
Yredelemnul
Zin
The Shining One

Shops:
D:6 *


Innate Abilities, Weirdness & Mutations

You are small and have problems with some larger weapons.
You are somewhat resistant to further mutation.


Message History

You take 1 damage, and have 61/71 hp.
Items here: $ ( ) ? 4 gold pieces; a short sword; 13 stones; a scroll of remove curse You hit the big kobold.
The big kobold looks even sicker.
The big kobold completely misses you.
You barely miss the big kobold. You hit the big kobold.
The big kobold looks as sick as possible!
The big kobold misses you.
You hit the big kobold but do no damage.
The big kobold looks as sick as possible!
You barely miss the big kobold. The big kobold barely misses you.
You hit the big kobold.
You feel sick.
You kill the big kobold!
You take 1 damage, and have 60/71 hp.
No target in view!
No target in view!
No target in view!
You now have 830 gold pieces (gained 4).
f - 190 stones (gained 13)
C - 6 scrolls of remove curse (gained 1)
You see here a short sword.
f - 191 stones (gained 1)
You see here an arrow.
You feel sick.
You now have 837 gold pieces (gained 7).
You see here a whip.
You now have 843 gold pieces (gained 6).
T - 8 poisoned needles (gained 3)
Things that are here:
an arrow; a blowgun; an uncursed short sword You feel sick.
You are no longer poisoned.
f - 192 stones (gained 1)
f - 193 stones (gained 1)
You are near starving!
Unknown command.
Unknown command.
You now have 849 gold pieces (gained 6).
T - 17 poisoned needles (gained 9)
Things that are here:
a dagger; a blowgun
T - 18 poisoned needles (gained 1)
f - 194 stones (gained 1);
T - 19 poisoned needles (gained 1)
T - 20 poisoned needles (gained 1)
Your pack is full.
You see here a scroll of identify.
Your pack is full.
You see here a scroll of identify.
Could not pick up an item here; shall I ignore it? [Y]es or [N]o only, please.
Could not pick up an item here; shall I ignore it? [Y]es or [N]o only, please.
Could not pick up an item here; shall I ignore it?
Okay, then.
You start eating the royal jelly.
The worker ant twitches its antennae in your direction.
Keep eating?
You continue eating. x2
You finish eating.
That royal jelly was delicious!
You see here a scroll of identify.
J - a scroll of identify
As you read the scroll of identify, it crumbles to dust.
Z - 2 scrolls of fog You puncture the worker ant!
The worker ant is poisoned.
You hit the worker ant.
The worker ant looks as sick as possible!
The worker ant bites you but does no damage.
You puncture the worker ant!
You kill the worker ant!
No target in view!
No target in view!
o - 4 scrolls of recharging (gained 1)
You now have 853 gold pieces (gained 4).
f - 195 stones (gained 1)
The cyclops hits you!!
You take 28 damage, and have 42/71 hp.
MASSIVE DAMAGE!!
You hit the cyclops. The cyclops misses you.
You are too injured to fight recklessly!
You are too injured to fight recklessly!
You are too injured to fight recklessly!
You are too injured to fight recklessly!
You hit the cyclops. You hit the cyclops but do no damage.
The cyclops is poisoned.
You hit the cyclops but do no damage.
The cyclops looks even sicker.
You hit the cyclops.
The cyclops looks as sick as possible!
The cyclops hits you!
You take 7 damage, and have 36/71 hp.
The cyclops throws a large rock.
The large rock hits you!
You see here a large rock {!d}.
You take 11 damage, and have 25/71 hp.
Unknown command.
f - 196 stones (gained 1)
You see here 2 arrows.
The cyclops throws a large rock.
The large rock completely misses you.
You see here a whip of electrocution.
The cyclops throws a large rock.
The large rock hits you!!
You die...
Your body crumbles into a pile of gold.

................
.#..................
....................
...................
.................# .
................###..
.................#...
.....................
.......@................
.#.......)..........(...
##.....))....(.........
.#......................
........................
...........#............
..........###C..........
..........(#(...........
........................


You could see a cyclops.

Vanquished Creatures
  A steam dragon (D:9)
  Edmund (D:6)
  2 water moccasins
  2 orc warriors
  2 phantoms
  A sky beast (D:6)
  6 necrophages
  2 wasps
  4 centaurs
  5 ogres
  A crocodile (D:9)
  3 big kobolds
  7 bullfrogs
  A water moccasin zombie (D:9)
  A wyvern skeleton (D:7)
  3 scorpions
  3 killer bees
  5 wights (D:8)
  3 howler monkeys (D:10)
  A wasp zombie (D:9)
  4 crimson imps
  2 bullfrog zombies
  A centaur zombie (D:10)
  5 orc priests
  2 bullfrog skeletons
  A centaur skeleton (D:7)
  2 jellies
  A quasit (D:10)
  A gnoll shaman (D:7)
  3 hounds
  An orc wizard (D:7)
  Natasha (twice) (D:2)
  An iguana (D:5)
  8 worker ants
  3 hound zombies
  3 worker ant zombies
  13 adders
  13 gnolls
  12 river rats
  3 shadow imps
  2 oozes
  2 adder zombies
  3 adder skeletons
  A worm (D:2)
  3 dart slugs
  5 leopard geckos
  15 orcs
  4 bats
  5 giant cockroaches
  3 goblins
  2 hobgoblins (D:1)
  10 jackals
  4 quokkas
  8 ball pythons
  4 frilled lizards
  26 kobolds
  A leopard gecko zombie (D:5)
  A quokka skeleton (D:7)
  21 rats
  A bush (D:9)
256 creatures vanquished.

Vanquished Creatures (others)
  A kobold (D:10)
  2 plants (D:9)
3 creatures vanquished.

Grand Total: 259 creatures vanquished

Notes
Turn   | Place    | Note
-------+----------+-------------------------------------------
     0 | D:1      | nabalzbhf the Halfling Monk began the quest for the Orb.
     0 | D:1      | Reached XP level 1. HP: 15/15 MP: 1/1
     5 | D:1      | Noticed an electric eel
     5 | D:1      | Noticed an electric eel
   100 | D:1      | Reached skill level 4 in Short Blades
   100 | D:1      | Reached XP level 2. HP: 14/20 MP: 2/2
   536 | D:1      | Reached XP level 3. HP: 25/25 MP: 3/3
   822 | D:2      | Reached skill level 5 in Short Blades
  1044 | D:2      | Reached XP level 4. HP: 29/30 MP: 4/4
  1138 | D:2      | Noticed Natasha
  1384 | D:2      | Killed Natasha
  1384 | D:2      | Reached skill level 6 in Short Blades
  1402 | D:2      | Noticed Natasha
  1501 | D:2      | Killed Natasha
  1501 | D:2      | Reached XP level 5. HP: 12/35 MP: 5/5
  1874 | D:3      | Found a faded altar of an unknown god.
  2127 | D:4      | Reached skill level 7 in Short Blades
  2259 | D:4      | Got a distressingly furry helmet
  2265 | D:4      | Identified the +1 helmet "Pemeugoq" {rElec} (You found it on level 4 of the Dungeon)
  2326 | D:4      | Reached XP level 6. HP: 32/41 MP: 6/6
  2626 | D:4      | Reached skill level 8 in Short Blades
  2702 | D:4      | Noticed a phantom
  2768 | D:4      | Killed a phantom
  2768 | D:4      | Reached XP level 7. HP: 25/45 MP: 7/7
  2959 | D:5      | Entered Level 5 of the Dungeon
  3029 | D:5      | Reached skill level 9 in Short Blades
  3306 | D:5      | Reached skill level 10 in Short Blades
  3601 | D:5      | Reached XP level 8. HP: 46/51 MP: 8/8
  3931 | D:5      | Reached skill level 11 in Short Blades
  4253 | D:5      | Reached skill level 3 in Fighting
  4505 | D:6      | Found a shimmering altar of Xom.
  4505 | D:6      | Found an ancient bone altar of Kikubaaqudgha.
  4508 | D:6      | Found a deep blue altar of Sif Muna.
  4512 | D:6      | Found a stormy altar of Qazlal.
  4513 | D:6      | Found a glowing golden altar of the Shining One.
  4513 | D:6      | Found a shattered altar of Ashenzari.
  4559 | D:6      | Found an iron altar of Okawaru.
  4587 | D:6      | Noticed Edmund
  4654 | D:6      | Killed Edmund
  4654 | D:6      | Reached skill level 4 in Dodging
  4742 | D:6      | Found a glowing drain.
  4854 | Sewer    | Entered a sewer
  5197 | Sewer    | Reached XP level 9. HP: 52/56 MP: 9/9
  5416 | Sewer    | Reached skill level 12 in Short Blades
  5767 | D:6      | Found Mauqo's Assorted Antiques.
  5785 | D:6      | Bought a scroll labeled TIAT TUYPT for 27 gold pieces
  5785 | D:6      | Bought a fizzy white potion for 24 gold pieces
  5817 | D:6      | Reached skill level 4 in Fighting
  6228 | D:6      | Reached skill level 5 in Dodging
  6235 | D:6      | Found an opulent altar of Gozag.
  6236 | D:6      | Found a snail-covered altar of Cheibriados.
  6237 | D:6      | Found a burning altar of Makhleb.
  6416 | D:7      | Found a shadowy altar of Dithmenos.
  6847 | D:7      | Reached skill level 5 in Fighting
  6847 | D:7      | Reached skill level 6 in Dodging
  7287 | D:7      | Found a staircase to the Ecumenical Temple.
  7326 | Temple   | Entered the Ecumenical Temple
  7553 | D:6      | Became a worshipper of Gozag Ym Sagoz the Greedy
  7628 | D:7      | Reached skill level 7 in Dodging
  7887 | D:7      | Reached XP level 10. HP: 67/67 MP: 10/10
  8029 | D:7      | Reached skill level 6 in Fighting
  8064 | D:7      | Paralysed by fainting for 9 turns
  8221 | D:8      | Found a radiant altar of Vehumet.
  8509 | D:8      | Reached skill level 8 in Dodging
  9204 | D:9      | Reached skill level 7 in Fighting
  9649 | D:9      | Found a glowing silver altar of Zin.
  9761 | D:9      | Found a staircase to the Lair.
  9765 | D:9      | Reached skill level 9 in Dodging
 10027 | D:9      | Found a blossoming altar of Fedhas.
 10183 | D:9      | Reached skill level 3 in Stealth
 10295 | D:10     | Entered Level 10 of the Dungeon
 10400 | D:10     | Reached skill level 4 in Stealth
 10448 | D:10     | Noticed a cyclops
 10599 | D:10     | Hit by a large rock thrown by a cyclops

Vault maps used:
D:1:      arrival_aquarium_b, minivault_24
D:2:      uniq_natasha
D:3:      ecumenical_altar_2
D:5:      first_bread, kennysheep_generic_room_7
D:6:      minitemple, old_standard_altar, serial_shops, shop,
          portal_sewer_entry_b, uniq_edmund
D:7:      basic_altar
D:8:      grunt_ogre_cave, vehumet_altar_wand_db
D:9:      dpeg_lair_monsters, basic_altar, fedhas_altar_decomposition
Temple:   jpeg_temple_clearing
Sewer:    sewer_minmay_treatment

Skill      XL: |  1  2  3  4  5  6  7  8  9 10 |
---------------+-------------------------------+-----
Short Blades   | 4 5 6 7 8 10 11 12 | 12.1
Fighting       | 3 5 7 |  7.8
Dodging        | 4 7 9 |  9.6
Stealth        | 4 |  4.5

Action                   |  1- 3 |  4- 6 |  7- 9 | 10-12 || total
-------------------------+-------+-------+-------+-------++-------
Melee: Short sword       |   124 |   198 |  1041 |   595 ||  1958
       Dagger            |       |       |       |    24 ||    24
 Fire: Blowgun           |       |       |     3 |       ||     3
  Use: Scroll            |       |       |    12 |     7 ||    19
 Stab: Sleeping          |     1 |     1 |     3 |     7 ||    12
       Distracted        |     1 |       |     1 |     6 ||     8
  Eat: Chunk             |     1 |     5 |    17 |       ||    23
       Bread ration      |       |       |       |     2 ||     2
       Beef jerky        |       |       |       |     2 ||     2
       Royal jelly       |       |       |       |     1 ||     1
Armor: Robe              |     3 |       |       |       ||     3
       Ring mail         |    12 |    37 |   166 |    13 ||   228
       Skin              |       |     6 |       |       ||     6
       Leather armour    |       |       |       |    54 ||    54
Dodge: Dodged            |    90 |    69 |   477 |   294 ||   930

Vault maps used:
D:1:      arrival_aquarium_b, minivault_24
D:2:      uniq_natasha
D:3:      ecumenical_altar_2
D:5:      first_bread, kennysheep_generic_room_7
D:6:      minitemple, old_standard_altar, serial_shops, shop,
          portal_sewer_entry_b, uniq_edmund
D:7:      basic_altar
D:8:      grunt_ogre_cave, vehumet_altar_wand_db
D:9:      dpeg_lair_monsters, basic_altar, fedhas_altar_decomposition
Temple:   jpeg_temple_clearing
Sewer:    sewer_minmay_treatment

Table legend:
 A = Turns spent in this place as a percentage of turns spent in the entire game.
 B = Non-inter-level travel turns spent in this place as a percentage of non-inter-level travel turns spent in the entire game.
 C = Inter-level travel turns spent in this place as a percentage of turns spent in this place.
 D = Turns resting spent in this place as a percentage of non-inter-level travel turns spent in this place.
 E = Turns spent auto-exploring this place as a percentage of non-inter-level travel turns spent in this place.
 F = Non-inter-level travel turns spent in this place divided by the number of levels of this place that you've seen.
                   A       B       C       D       E      F
               +-------+-------+-------+-------+-------+----------------------
         Total | 100.0 | 100.0 |   0.5 |   1.1 |   4.7 | 395.2
       Dungeon |  88.5 |  88.5 |   0.5 |   1.3 |   4.7 | 419.6
        Temple |   0.4 |   0.4 |   4.8 |   0.0 |  65.0 |  20.0
         Sewer |  11.1 |  11.1 |   0.0 |   0.0 |   1.9 | 527.0
               +-------+-------+-------+-------+-------+----------------------

Table legend:
 A = Kills in this place as a percentage of kills in entire the game.
 B = Kills by you in this place as a percentage of kills by you in the entire game.
 C = Kills by friends in this place as a percentage of kills by friends in the entire game.
 D = Other kills in this place as a percentage of other kills in the entire game.
 E = Experience gained in this place as a percentage of experience gained in the entire game.
 F = Experience gained in this place divided by the number of levels of this place that you have seen.
                   A       B       C       D       E      F
               +-------+-------+-------+-------+-------+----------------------
         Total | 100.0 | 100.0 |  -nan | 100.0 | 100.0 | 640.2
       Dungeon |  81.2 |  81.2 |  -nan | 100.0 |  96.3 | 739.6
         Sewer |  18.8 |  18.8 |  -nan |   0.0 |   3.7 | 287.0
               +-------+-------+-------+-------+-------+----------------------
